 Dungeon Crawl Stone Soup version 0.26-a0-682-g294304f (webtiles) character file.

Game seed: 822491360479457291

307670 Mopster the Hoplite (level 20, 0/160 HPs)
             Began as a Minotaur Berserker on Oct 21, 2020.
             Was a High Priest of Trog.
             Splashed by Dissolution's acid (4 damage)
             ... on level 2 of the Pits of Slime.
             The game lasted 04:32:16 (50846 turns).

Mopster the Hoplite (Minotaur Berserker)           Turns: 50846, Time: 04:32:17

Health: 0/160      AC: 23    Str: 26    XL:     20   Next: 33%
Magic:  0/6        EV: 16    Int:  2    God:    Trog [*****.]
Gold:   2666       SH: 27    Dex: 15    Spells: 19/19 levels left

rFire    + . .     SeeInvis .   B - +5 eveningstar (antimagic)
rCold    + . .     Faith    .   Y - +2 tower shield
rNeg     + + .     Spirit   +   f - +10 plate armour {ponderous}
rPois    +         Reflect  .   R - +2 hat of the Bear Spirit {Spirit, +Rage rN+ MR++}
rElec    .         Harm     .   Q - scarf {rC+ rF+}
rCorr    +         Rampage  .   l - +2 pair of gloves
MR       +++++     Clarity  +   K - +0 pair of boots
Stlth    ..........             M - amulet of the Four Winds {rN+ MR+++ Clar}
HPRegen  0.36/turn              v - ring of resist corrosion
MPRegen  0.10/turn              A - ring of poison resistance

@: corroded, berserk cooldown, slowed, very slow
A: retaliatory headbutt, hooves 1, horns 2, blurry vision 2, deterioration 1,
dopey 1, frail 2, evolution 1, subdued magic 2
}: 2/15 runes: serpentine, barnacled
a: Berserk, Trog's Hand, Brothers in Arms, Renounce Religion, Evoke Berserk Rage


You were on level 2 of the Pits of Slime.
You worshipped Trog.
Trog was extremely pleased with you.
You visited 8 branches of the dungeon, and saw 38 of its levels.
You visited 1 bazaar.
You also visited: Sewer and Ice Cave.

You collected 3352 gold pieces.
You spent 686 gold pieces at shops.

Inventory:

Hand Weapons
 b - a +6 morningstar of venom
 k - the +5 demon whip "Spellbinder" {antimagic, MR+}
   (Trog gifted it to you on level 2 of the Elven Halls)

   It reduces the magical energy of the wielder, and disrupts the spells and
   magical abilities of those hit.
   Natural abilities and divine invocations are not affected.
   It affects your resistance to hostile enchantments.
 o - a +4 eveningstar of electrocution
 B - a +5 antimagic eveningstar (weapon)
Missiles
 p - 6 throwing nets (quivered)
Armour
 f - a +10 plate armour of ponderousness (worn)
 l - a +2 pair of gloves (worn)
 K - a +0 pair of boots (worn)
 Q - a scarf of resistance (worn)
 R - the +2 hat of the Bear Spirit (worn) {Spirit, +Rage rN+ MR++}
   (You found it on level 4 of the Shoals)

   It protects you from negative energy.
   It affects your resistance to hostile enchantments.
   It lets you go berserk.
 Y - a +2 tower shield (worn)
Jewellery
 a - an uncursed ring of fire
 d - an uncursed ring of see invisible
 v - a ring of resist corrosion (left hand)
 A - a ring of poison resistance (right hand)
 E - an uncursed ring of protection from magic
 G - an uncursed ring of ice
 M - the amulet of the Four Winds (around neck) {rN+ MR+++ Clar}
   (You bought it in a shop on level 12 of the Dungeon)

   [amulet of nothing]

   It protects you from negative energy.
   It affects your resistance to hostile enchantments.
   It protects you against confusion.
 N - an uncursed ring of flight
Wands
 m - a wand of polymorph (20)
 q - a wand of iceblast (41)
 r - a wand of paralysis (32)
 x - a wand of acid (10)
 I - a wand of flame (84)
 U - a wand of random effects (15)
Scrolls
 c - 5 scrolls of fog
 s - 23 scrolls of teleportation
 u - 14 scrolls of remove curse
 C - a scroll of blinking
 J - 4 scrolls of enchant armour
 O - 4 scrolls of identify
 S - 4 scrolls of magic mapping
 T - a scroll of holy word
 V - 3 scrolls of fear
Potions
 e - 18 potions of curing
 g - 6 potions of heal wounds
 h - 5 potions of invisibility
 i - 2 potions of haste
 j - 4 potions of stabbing
 w - 3 potions of flight
 z - 5 potions of might
 D - 2 potions of magic
 H - 2 potions of resistance
 P - 2 potions of ambrosia
Miscellaneous
 W - a phantom mirror


   Skills:
 * Level 21.8 Fighting
 * Level 16.5 Maces & Flails
 * Level 18.1 Armour
 * Level 14.9 Dodging
 - Level 2.3 Stealth
 * Level 22.0 Shields


You had 19 spell levels left.
You didn't know any spells.
Your spell library contained the following spells:

 Spells                   Type           Power        Failure   Level
 Animate Skeleton         Necr           #.....       99%         1
 Apportation              Tloc           #.....       99%         1
 Corona                   Hex            #......      99%         1
 Foxfire                  Conj/Fire      #...         99%         1
 Magic Dart               Conj           #...         99%         1
 Sandblast                Erth           #.....       99%         1
 Shock                    Conj/Air       #...         99%         1
 Sting                    Tmut/Pois      #...         99%         1
 Summon Small Mammal      Summ           #...         99%         1
 Blink                    Tloc           N/A          100%        2
 Call Imp                 Summ           #.......     100%        2
 Corpse Rot               Necr/Air       N/A          100%        2
 Passwall                 Tmut/Erth      #.......     100%        2
 Poisonous Vapours        Pois/Air       #.....       100%        2
 Slow                     Hex            #.......     100%        2
 Sublimation of Blood     Necr           #.........   100%        2
 Swiftness                Air            #.......     100%        2
 Call Canine Familiar     Summ           #.......     100%        3
 Conjure Flame            Conj/Fire      #.......     100%        3
 Ignite Poison            Fire/Tmut/Pois #.......     100%        3
 Inner Flame              Hex/Fire       #.......     100%        3
 Mephitic Cloud           Conj/Pois/Air  #.......     100%        3
 Static Discharge         Conj/Air       #.......     100%        3
 Summon Guardian Golem    Hex/Summ       #.......     100%        3
 Airstrike                Air            #.........   100%        4
 Dispel Undead            Necr           #.......     100%        4
 Ice Form                 Ice/Tmut       #.......     100%        4
 Olgreb's Toxic Radiance  Pois           #.......     100%        4
 Petrify                  Tmut/Erth      #.......     100%        4
 Sticky Flame             Conj/Fire      #.......     100%        4
 Summon Ice Beast         Ice/Summ       #.......     100%        4
 Summon Lightning Spire   Summ/Air       #.......     100%        4
 Agony                    Necr           #.......     100%        5
 Bolt of Magma            Conj/Fire/Erth #.........   100%        5
 Excruciating Wounds      Necr           #.........   100%        5
 Fireball                 Conj/Fire      #.........   100%        5
 Lightning Bolt           Conj/Air       #.........   100%        5
 Metabolic Englaciation   Hex/Ice        #.........   100%        5
 Freezing Cloud           Conj/Ice/Air   #.........   100%        6
 Ozocubu's Refrigeration  Ice            #.........   100%        6
 Simulacrum               Ice/Necr       #.........   100%        6
 Statue Form              Tmut/Erth      #........    100%        6


Dungeon Overview and Level Annotations

Branches:
Dungeon (15/15)            Temple (0/1) D:7            Lair (6/6) D:8
 Shoals (4/4) Lair:2        Snake (4/4) Lair:2        Slime (3/5) Lair:6
    Orc (2/2) D:11            Elf (3/3) Orc:2        Vaults (0/5) D:14
 Depths (1/5) D:15          Sewer (visited)           IceCv (visited)

Altars:
Cheibriados
Dithmenos
Elyvilon
Fedhas
Gozag
Hepliaklqana
Kikubaaqudgha
Makhleb
Okawaru
Trog
Uskayaw
Vehumet
Wu Jian
The Shining One
Beogh

Shops:
D:6 [   D:7 [   D:12 [(::=   Orc:2 (:*[   Snake:1 [   Snake:4 }==

Portals:
Hell: Lair:6

Annotations:
Shoals:1 1 runed translucent door, Sioc's ghost, adept DDAr
Snake:1 2 transporters, exclusion: orange crystal statue
Slime:2 Dissolution


Innate Abilities, Weirdness & Mutations

You reflexively headbutt those who attack you in melee.
You have a pair of horns on your head.
You have large cloven feet.
Scrolls take you longer to read.
Your body sometimes deteriorates upon taking damage.
You are dopey. (Int -2)
You are very frail. (-20% HP)
You evolve.
Your spells are easier to cast, but less powerful.


Message History

[Y]es or [N]o only, please.
Really read with blurry vision while enemies are nearby?
You block the great orb of eyes's attack.
You block Dissolution's attack. Dissolution closely misses you.
The great orb of eyes closely misses you.
You furiously retaliate!
You headbutt the great orb of eyes, but do no damage.
The great orb of eyes barely misses you.
Dissolution hits you!
* * * LOW HITPOINT WARNING * * *
The acid corrodes you!
You are splashed with acid.
You resist.
* * * LOW HITPOINT WARNING * * *
Dissolution barely misses you.
The great orb of eyes barely misses you.
You begin reading the scroll.
You continue reading the scroll.
You block the great orb of eyes's attack.
Dissolution hits you!!
* * * LOW HITPOINT WARNING * * *
You are splashed with acid.
You resist.
You die...

##.....###.##....#
#.......#.......#
#..........#.<..#
##...#..........#### ###
##........#.#.....#.##..##
###.#......#...............#
.......................#..#
...............GG.......#
................@G...#..#
....<..........J.G..##.....
.....................##..#..
..##................##
...#.#
.##.##....#.#.##.....###..#
# .... ##..######.......#
... .##. #### ##.#....#
##### ##....## #....##


You could see Dissolution, 2 great orbs of eyes, a shining eye and a floating
eye (charged).

Vanquished Creatures
  Vashnia (Snake:4)
  An Ice Fiend (IceCv)
  2 deep elf blademasters
  2 deep elf master archers (Elf:3)
  4 acid blobs
  Kirke (Snake:4)
  Donald (Snake:1)
  10 nagarajas
  Aizul (Snake:1)
  5 deep elf sorcerers (Elf:3)
  Roxanne (Snake:3)
  Louise (Snake:4)
  A fire giant (D:15)
  6 deep elf elementalists (Elf:3)
  A stone giant (Orc:2)
  2 deep elf demonologists (Elf:3)
  4 deep elf annihilators (Elf:3)
  A merfolk javelineer (Shoals:4)
  3 deep elf death magi (Elf:3)
  Snorg (D:12)
  An ettin (D:15)
  6 merfolk impalers
  2 deep elf high priests (Elf:3)
  Harold (D:11)
  17 naga warriors
  4 great orbs of eyes
  3 boulder beetles
  3 centaur warriors
  3 vault guards (D:14)
  2 alligator snapping turtles
  9 hydras
  5 satyrs (Shoals:4)
  A merfolk avatar (Shoals:4)
  10 anacondas
  9 two-headed ogres
  2 merfolk aquamancers
  A tengu warrior (D:15)
  A death yak (Lair:6)
  21 dancing weapons
  A vampire mage (D:15)
  5 shock serpents
  17 deep elf knights
  An orc high priest (Elf:1)
  11 naga sharpshooters
  2 salamander mystics
  A sixfirhy (Lair:6)
  A skeletal warrior (D:12)
  2 unseen horrors (D:11)
  3 wizards
  12 sea snakes
  12 deep elf archers
  5 naga ritualists
  A wolf spider (D:15)
  A wolf spider zombie (D:13)
  2 shining eyes
  17 harpies
  A necromancer (D:14)
  2 lindwurms (Lair:6)
  5 orc sorcerers
  5 orc knights
  69 deep elf magi
  15 fauns
  9 mana vipers
  9 ugly things
  8 cyclopes
  15 salamanders
  Joseph (Lair:1)
  20 manticores
  4 guardian serpents
  26 black mambas
  2 ice statues (IceCv)
  6 water nymphs
  A guardian serpent (shapeshifter) (Elf:1)
  6 merfolk sirens
  23 naga magi
  Maurice (D:11)
  8 elephants
  A gargoyle (D:14)
  Psyche (D:11)
  8 cane toads
  A kobold demonologist (D:14)
  The ghost of Tenaya the Poker, a novice FoAK of Lugonu (D:7)
  10 komodo dragons
  6 rime drakes
  A redback zombie (D:11)
  An efreet (D:15)
  A yaktaur (D:14)
  2 freezing wraiths (Elf:3)
  20 merfolk
  5 trolls
  10 ice devils
  3 anaconda simulacra (IceCv)
  A wolf spider simulacrum (D:15)
  17 blink frogs
  3 polar bears
  4 wind drakes
  Grinder (D:6)
  41 slime creatures
  15 dream sheep
  7 snapping turtles
  An air elemental (Elf:1)
  2 shadows (D:11)
  A centaur simulacrum (D:14)
  5 wyverns
  2 basilisks
  A dire elephant simulacrum (IceCv)
  A vampire (D:14)
  16 humans (D:14)
  8 wraiths
  7 hogs (Snake:4)
  11 water elementals
  5 fire elementals
  5 golden eyes (Slime:1)
  A steam dragon (Lair:4)
  24 yaks
  2 harpy simulacra (IceCv)
  64 nagas
  2 iron troll simulacra (IceCv)
  A warg (Orc:2)
  A hydra simulacrum (IceCv)
  3 acid dragons
  4 hell hounds
  18 water moccasins
  4 phantoms
  7 ice beasts
  A hornet zombie (D:13)
  31 orc warriors
  Purgy (Sewer)
  15 ogres
  2 black bears
  2 eyes of draining (Slime:2)
  3 sky beasts
  An ettin simulacrum (IceCv)
  2 necrophages
  7 wolves
  14 centaurs
  2 big kobolds
  4 earth elementals
  A wyvern zombie (D:9)
  24 bullfrogs
  4 wyvern skeletons
  4 scorpions
  20 killer bees
  26 wights
  5 howler monkeys
  4 bullfrog zombies
  3 centaur zombies
  4 centaur skeletons
  5 jellies
  8 hounds
  A gnoll shaman (D:5)
  21 orc priests
  An iron imp (D:7)
  21 orc wizards
  5 iguanas
  Ijyb (D:4)
  11 worker ants
  4 hell rats (Lair:6)
  2 killer bee zombies
  3 hound zombies
  4 hound skeletons
  A worker ant zombie (D:10)
  5 gnolls (D:5)
  A howler monkey skeleton (D:4)
  14 adders
  4 shadow imps
  A white imp (D:5)
  An ufetubus (D:6)
  3 oozes
  An adder skeleton (D:6)
  2 worms (D:2)
  3 dart slugs (D:1)
  4 leopard geckos
  94 orcs
  13 giant cockroaches
  13 goblins
  9 hobgoblins
  15 jackals
  3 quokkas
  3 ball pythons
  6 bats
  14 frilled lizards
  A jackal skeleton (D:4)
  24 kobolds
  2 leopard gecko skeletons
  A leopard gecko zombie (D:8)
  A quokka skeleton (D:5)
  13 rats
1355 creatures vanquished.

Vanquished Creatures (collateral kills)
  Saint Roka (Orc:2)
  Nikola (Elf:3)
  Rupert (Lair:4)
  3 deep elf blademasters (Elf:3)
  A deep elf master archer (Elf:3)
  A deep elf sorcerer (Elf:3)
  A stone giant (D:15)
  A deep elf demonologist (Elf:3)
  Azrael (Snake:2)
  A merfolk impaler (Shoals:1)
  A deep elf high priest (Elf:3)
  2 merfolk aquamancers
  A centaur warrior (D:13)
  A merfolk avatar (Shoals:3)
  An orc high priest (Orc:2)
  7 slime creatures (Slime:2)
  2 skeletal warriors (D:12)
  2 orc knights
  A deep elf mage (Elf:3)
  3 manticores (Shoals:1)
  An orc sorcerer (Orc:2)
  An ugly thing (D:15)
  A salamander (Snake:2)
  2 naga magi (Snake:2)
  A cane toad (shapeshifter) (D:15)
  2 black mambas (Snake:2)
  2 orange demons (Lair:6)
  2 guardian serpents
  A water nymph (Shoals:3)
  2 ice devils (Lair:6)
  A hellwing (Lair:6)
  7 merfolk
  3 wind drakes (Shoals:2)
  2 snapping turtles
  2 water elementals (Shoals:1)
  A fire elemental (Snake:2)
  A basilisk (Lair:4)
  6 nagas (Snake:2)
  A warg (Orc:1)
  A water moccasin (Lair:4)
  4 hell hounds
  7 orc warriors (Orc:2)
  An ogre (Orc:2)
  4 centaurs (D:13)
  A big kobold (D:8)
  A bullfrog (D:12)
  3 orc priests
  3 orc wizards
  An adder zombie (D:8)
  8 orcs
  3 kobolds (D:8)
109 creatures vanquished.

Vanquished Creatures (others)
  A naga warrior (Snake:2)
  A merfolk aquamancer (Shoals:1)
  A naga mage (Snake:2)
  A human (D:14)
  An adder skeleton (D:6)
  12 fungi
  199 plants
216 creatures vanquished.

Grand Total: 1680 creatures vanquished

Notes
Turn   | Place    | Note
-------+----------+-------------------------------------------
     0 | D:1      | Mopster the Minotaur Berserker began the quest for the Orb.
     0 | D:1      | Reached XP level 1. HP: 19/19 MP: 0/0
   151 | D:1      | Reached XP level 2. HP: 24/27 MP: 1/1
   555 | D:1      | Reached XP level 3. HP: 31/33 MP: 2/2
   555 | D:1      | Reached ** piety under Trog
  1472 | D:2      | Reached XP level 4. HP: 41/41 MP: 3/3
  1475 | D:2      | Found a glowing golden altar of the Shining One.
  1600 | D:2      | Found a shadowy altar of Dithmenos.
  2409 | D:3      | Reached skill level 5 in Maces & Flails
  2636 | D:3      | Reached *** piety under Trog
  2803 | D:3      | Reached skill level 1 in Stealth
  2803 | D:3      | Reached XP level 5. HP: 46/47 MP: 4/4
  3636 | D:4      | Reached skill level 5 in Fighting
  3766 | D:4      | Found a burning altar of Makhleb.
  3795 | D:4      | Found an ancient bone altar of Kikubaaqudgha.
  3885 | D:4      | Found an iron altar of Okawaru.
  3893 | D:4      | Noticed Ijyb
  3929 | D:4      | Killed Ijyb
  3998 | D:4      | Found a hide-covered altar of Uskayaw.
  4080 | D:4      | Reached XP level 6. HP: 44/56 MP: 5/5
  4966 | D:5      | Entered Level 5 of the Dungeon
  5654 | D:5      | Reached XP level 7. HP: 62/62 MP: 6/6
  5851 | D:5      | Got a slimy flail
  5852 | D:5      | Identified the +5 flail of Woe {antimagic, rC+ Str+2 SInv}
                  | (You found it on level 5 of the Dungeon)
  6033 | D:5      | Found a white marble altar of Elyvilon.
  6274 | D:6      | Reached **** piety under Trog
  6285 | D:6      | Found Xoatseaw's Armour Shoppe.
  6327 | D:6      | Found a glowing drain.
  6337 | Sewer    | Entered a sewer
  6394 | Sewer    | Noticed Purgy
  6400 | Sewer    | Killed Purgy
  6686 | D:6      | Noticed Grinder
  6687 | D:6      | Paralysed by Grinder for 6 turns
  6697 | D:6      | Killed Grinder
  6697 | D:6      | Reached skill level 5 in Armour
  6697 | D:6      | Reached XP level 8. HP: 70/70 MP: 2/7
  6851 | D:6      | Found a radiant altar of Vehumet.
  7230 | D:7      | Found a staircase to the Ecumenical Temple.
  7288 | D:7      | Found a runed translucent door.
  7292 | D:7      | Noticed Tenaya's ghost (novice FoAK)
  7304 | D:7      | Killed Tenaya's ghost
  7304 | D:7      | Reached skill level 10 in Maces & Flails
  7384 | D:7      | Reached XP level 9. HP: 78/78 MP: 2/8
  7479 | D:7      | Found Neuwoup's Antique Armour Shop.
  7515 | D:7      | Found a snail-covered altar of Cheibriados.
  7635 | D:7      | Reached ***** piety under Trog
  7854 | D:7      | Found the +5 scythe "Finisher" {speed, eviscerate}
  8005 | D:7      | Found a blossoming altar of Fedhas.
  8348 | D:8      | Found a bloodstained altar of Trog.
  8454 | D:8      | Reached XP level 10. HP: 88/88 MP: 3/9
  8515 | D:8      | Found a staircase to the Lair.
  8594 | D:8      | Found a hazy altar of Hepliaklqana.
  8618 | D:8      | Found an opulent altar of Gozag.
  8915 | D:8      | Received a gift from Trog
  9055 | D:9      | Reached skill level 1 in Shields
  9100 | D:9      | Paralysed by a wight for 2 turns
  9106 | D:9      | Paralysed by a wight for 4 turns
  9115 | D:9      | Paralysed by a wight for 3 turns
  9175 | D:9      | Found an ornate altar of the Wu Jian Council.
  9175 | D:9      | Noticed a deep elf mage
  9186 | D:9      | Noticed an orange demon
  9186 | D:9      | Killed a deep elf mage
  9186 | D:9      | Reached skill level 2 in Shields
  9294 | D:9      | Reached skill level 3 in Shields
  9491 | D:9      | Reached skill level 4 in Shields
  9802 | D:10     | Entered Level 10 of the Dungeon
  9877 | D:10     | Noticed a two-headed ogre
  9888 | D:10     | Killed a two-headed ogre
  9888 | D:10     | Received a gift from Trog
  9888 | D:10     | Reached skill level 5 in Shields
  9888 | D:10     | Reached XP level 11. HP: 99/99 MP: 3/10
 10113 | D:10     | Noticed a two-headed ogre
 10118 | D:10     | Killed a two-headed ogre
 10118 | D:10     | Reached skill level 5 in Dodging
 10344 | D:10     | Reached skill level 10 in Fighting
 10424 | D:10     | Reached skill level 6 in Shields
 10761 | D:10     | Noticed a two-headed ogre
 10766 | D:10     | Killed a two-headed ogre
 10929 | D:11     | Noticed Psyche
 10938 | D:11     | Killed Psyche
 10966 | D:11     | Noticed a brown ugly thing
 10977 | D:11     | Killed a brown ugly thing
 11014 | D:11     | Reached skill level 7 in Shields
 11112 | D:11     | Noticed an unseen horror
 11116 | D:11     | Killed an unseen horror
 11116 | D:11     | Reached skill level 10 in Armour
 11133 | D:11     | Noticed Harold
 11175 | D:11     | Noticed a seven-headed hydra
 11185 | D:11     | Killed a seven-headed hydra
 11186 | D:11     | Noticed an unseen horror
 11197 | D:11     | Killed an unseen horror
 11239 | D:11     | Reached XP level 12. HP: 101/112 MP: 3/11
 11249 | D:11     | Found a roughly hewn altar of Beogh.
 11251 | D:11     | Found a staircase to the Orcish Mines.
 11477 | D:11     | Reached skill level 8 in Shields
 11486 | D:11     | Killed Harold
 11509 | D:11     | Reached ****** piety under Trog
 11601 | D:11     | Noticed Maurice
 11608 | D:11     | Killed Maurice
 11644 | D:11     | Noticed a two-headed ogre
 11658 | D:11     | Killed a two-headed ogre
 12037 | D:12     | Found a shadowy altar of Dithmenos.
 12098 | D:12     | Found Netsiut's Jewellery Shoppe.
 12138 | D:12     | Reached skill level 9 in Shields
 12657 | D:12     | Received a gift from Trog
 12742 | D:12     | Found Odghay's Book Emporium.
 12766 | D:12     | Found Byfeschown's Antique Weapon Shop.
 12830 | D:12     | Noticed Snorg
 12844 | D:12     | Killed Snorg
 13122 | D:12     | Found Exotom's Book Boutique.
 13226 | D:12     | Noticed a two-headed ogre
 13229 | D:12     | Killed a two-headed ogre
 13371 | D:12     | Found Iclazoapt's Antique Armour Shop.
 13638 | D:13     | Noticed a boulder beetle
 13656 | D:13     | Killed a boulder beetle
 13656 | D:13     | Reached skill level 10 in Shields
 13756 | D:13     | Noticed a centaur warrior
 13758 | D:13     | Noticed a seven-headed hydra
 13805 | D:14     | Found a blossoming altar of Fedhas.
 13821 | D:14     | Noticed a seven-headed hydra
 13828 | D:14     | Killed a seven-headed hydra
 13847 | D:14     | Found a flickering gateway to a bazaar.
 13852 | Bazaar   | Entered a bazaar
 14012 | Bazaar   | Found Tujiyd's Armour Shop.
 14026 | Bazaar   | Found Ranuhe Eluunk's Antique Armour Boutique.
 14040 | Bazaar   | Found Ylirec's Antique Weapon Shop.
 14130 | D:14     | Noticed a centaur warrior
 14148 | D:14     | Killed a centaur warrior
 14148 | D:14     | Reached XP level 13. HP: 122/122 MP: 4/12
 15147 | D:12     | Bought the amulet of the Four Winds {rN+ MR+++ Clar} for
                  | 658 gold pieces
 15147 | D:12     | Found the amulet of the Four Winds {rN+ MR+++ Clar}
 15209 | D:13     | Reached skill level 11 in Shields
 16006 | D:15     | Entered Level 15 of the Dungeon
 16035 | D:14     | Received a gift from Trog
 16259 | D:14     | Reached skill level 12 in Shields
 16295 | D:14     | Found a gate to the Vaults.
 17132 | D:15     | Reached XP level 14. HP: 133/133 MP: 4/13
 17204 | D:15     | Reached skill level 13 in Shields
 17257 | D:15     | Reached skill level 15 in Fighting
 17550 | D:15     | Found a staircase to the Depths.
 17879 | D:15     | Reached skill level 10 in Dodging
 18117 | Depths:1 | Entered Level 1 of the Depths
 18117 | Depths:1 | Noticed a fire giant
 18117 | Depths:1 | Noticed a stone giant
 18125 | D:15     | Killed a fire giant
 18202 | D:15     | Killed a stone giant
 18494 | Lair:1   | Entered Level 1 of the Lair of Beasts
 18494 | Lair:1   | Noticed Joseph
 18509 | Lair:1   | Killed Joseph
 18767 | Lair:1   | Received a gift from Trog
 19527 | Lair:2   | Found a staircase to the Shoals.
 19583 | Lair:2   | Found a staircase to the Snake Pit.
 19696 | Lair:2   | Reached skill level 14 in Shields
 21196 | Lair:3   | Received a gift from Trog
 21422 | Lair:4   | Noticed Rupert
 21434 | Lair:4   | Killed Rupert
 21630 | Lair:4   | Got a polished helmet
 21631 | Lair:4   | Identified the -6 helmet of Fywk {+Inv rCorr Dex+2 Stlth+}
                  | (You found it on level 4 of the Lair of Beasts)
 22096 | Lair:4   | Reached XP level 15. HP: 131/145 MP: 4/14
 23316 | Lair:6   | Entered Level 6 of the Lair of Beasts
 23356 | Lair:6   | Found a staircase to the Slime Pits.
 23551 | Lair:6   | Reached skill level 15 in Shields
 23994 | Lair:6   | Found a burning altar of Makhleb.
 24042 | Lair:6   | Found a gateway to Hell.
 24836 | Orc:1    | Entered Level 1 of the Orcish Mines
 25278 | Orc:2    | Entered Level 2 of the Orcish Mines
 25346 | Orc:2    | Received a gift from Trog
 25438 | Orc:2    | Noticed Saint Roka
 25466 | Orc:2    | Killed Saint Roka
 25624 | Orc:2    | Found a roughly hewn altar of Beogh.
 25915 | Orc:2    | Found a roughly hewn altar of Beogh.
 26184 | Orc:2    | Found Telihax's Antique Weapon Boutique.
 26216 | Orc:2    | Found Oluneg's General Store.
 26222 | Orc:2    | Bought a scroll of identify for 28 gold pieces
 26231 | Orc:2    | Found Poumatz's Antique Armour Boutique.
 26247 | Orc:2    | Found Tedeyg Mais's Book Boutique.
 26405 | Orc:2    | Found a staircase to the Elven Halls.
 27004 | Shoals:1 | Entered Level 1 of the Shoals
 27034 | Shoals:1 | Received a gift from Trog
 27636 | Shoals:1 | Reached skill level 16 in Shields
 28102 | Shoals:1 | Reached XP level 16. HP: 157/157 MP: 15/15
 28525 | Shoals:1 | Found a runed translucent door.
 28527 | Shoals:1 | Noticed Sioc's ghost (adept DDAr)
 28744 | Shoals:2 | Reached skill level 15 in Armour
 29328 | Shoals:2 | Received a gift from Trog
 29845 | Shoals:3 | HP: 2/157 [drowned by a drowned soul[a merfolk avatar]
                  | (14)]
 30713 | Shoals:3 | Reached skill level 17 in Shields
 30930 | Shoals:4 | Entered Level 4 of the Shoals
 31712 | Shoals:4 | Found the ring of the Mage {Wiz MR++ Int+3}
 31861 | Shoals:4 | Found the +2 hat of the Bear Spirit {Spirit, +Rage rN+
                  | MR++}
 32081 | Shoals:4 | Reached XP level 17. HP: 166/166 MP: 16/16
 32285 | Shoals:4 | Got a barnacled rune of Zot
 32976 | Snake:1  | Entered Level 1 of the Snake Pit
 32976 | Snake:1  | Found a transporter.
 33012 | Snake:1  | Found a transporter.
 33064 | Snake:1  | Noticed Donald
 33090 | Snake:1  | Killed Donald
 33331 | Snake:1  | Reached skill level 18 in Shields
 33371 | Snake:1  | Noticed Aizul
 33395 | Snake:1  | Killed Aizul
 33491 | Snake:1  | Found Foedy's Antique Armour Shop.
 34361 | Snake:2  | Noticed Azrael
 34365 | Snake:2  | Killed Azrael
 36548 | Snake:3  | Identified Roxanne's Papyrus of Earth
 36548 | Snake:3  | Noticed Roxanne
 36608 | Snake:3  | Killed Roxanne
 36882 | Snake:3  | Received a gift from Trog
 37536 | Snake:4  | Entered Level 4 of the Snake Pit
 37715 | Snake:4  | Noticed Kirke
 37724 | Snake:4  | Killed Kirke
 37724 | Snake:4  | Reached skill level 19 in Shields
 38036 | Snake:4  | Noticed Vashnia
 38072 | Snake:4  | Killed Vashnia
 38072 | Snake:4  | Reached XP level 18. HP: 172/178 MP: 17/17
 38831 | Snake:4  | Found Linuolais's Jewellery Shop.
 38833 | Snake:4  | Found Faumup's Gadget Shoppe.
 38834 | Snake:4  | Found Riganad's Jewellery Shop.
 38919 | Snake:4  | Noticed Louise
 38948 | Snake:4  | Killed Louise
 39723 | Snake:4  | Received a gift from Trog
 39842 | Snake:4  | Reached skill level 20 in Shields
 40109 | Snake:4  | Got a serpentine rune of Zot
 40559 | Elf:1    | Entered Level 1 of the Elven Halls
 41482 | Elf:1    | Received a gift from Trog
 42513 | Elf:1    | Reached XP level 19. HP: 177/188 MP: 6/18
 42548 | Elf:2    | Got a warped plate armour
 42569 | Elf:1    | Identified the cursed +1 plate armour "Sookhotz" {MR+ Str+2
                  | Int+2} (You found it on level 2 of the Elven Halls)
 43889 | Elf:2    | Found a huge runed translucent gate.
 43889 | Elf:2    | Found a huge runed translucent gate.
 43889 | Elf:2    | Found a huge runed translucent gate.
 43889 | Elf:2    | Found a huge runed translucent gate.
 43889 | Elf:2    | Found a huge runed translucent gate.
 44008 | Elf:3    | Entered Level 3 of the Elven Halls
 44054 | Elf:3    | Found a frozen archway.
 44060 | IceCv    | Entered an ice cave
 44446 | IceCv    | Reached skill level 21 in Shields
 44890 | Elf:3    | Received a gift from Trog
 45021 | Elf:3    | Reached skill level 15 in Maces & Flails
 45215 | Elf:3    | Got a sparkling copper ring
 45382 | Elf:3    | Identified the ring "Cem Foc" {rPois MR+ Str+4 Dex+6} (You
                  | found it on level 3 of the Elven Halls)
 46258 | Elf:3    | Identified the cursed +0 great sword of Capital Punishment
                  | {spect, Str+6 Dex+4}
 46260 | Elf:3    | Identified the cursed +0 great sword of Capital Punishment
                  | {spect, Str+6 Dex+4}
 46260 | Elf:3    | Identified the cursed +1 leather armour of Lutiez {rF+ MR-
                  | SInv}
 46637 | Elf:3    | Identified the +9 long sword of Freehold {vorpal, *Contam
                  | rF++ MR+++ MP+9}
 46684 | Elf:3    | Noticed Nikola
 46725 | Elf:3    | Killed Nikola
 47959 | Elf:2    | Received a gift from Trog
 47960 | Elf:2    | Found the +5 demon whip "Spellbinder" {antimagic, MR+}
 48223 | Elf:2    | Reached XP level 20. HP: 198/198 MP: 5/19
 49136 | Slime:1  | Entered Level 1 of the Pits of Slime
 49170 | Slime:1  | Gained mutation: You have large cloven feet. [a shining
                  | eye]
 49171 | Slime:1  | Gained mutation: You are frail. (-10% HP) [a shining eye]
 49709 | Slime:2  | Gained mutation: You are very frail. (-20% HP) [a shining
                  | eye]
 49721 | Slime:2  | Gained mutation: You evolve. [a shining eye]
 50038 | Slime:2  | You fall into a shaft and drop 1 floor!
 50038 | Slime:3  | Noticed Dissolution
 50613 | Slime:1  | Reached skill level 22 in Shields
 50826 | Slime:3  | Gained mutation: You are extremely frail. (-30% HP) [a
                  | shining eye]
 50827 | Slime:3  | Paralysed by a floating eye for 3 turns
 50829 | Slime:3  | Gained mutation: Your body sometimes deteriorates upon
                  | taking damage. [a shining eye]
 50831 | Slime:3  | Gained mutation: Your spells are a little easier to cast,
                  | but a little less powerful. [a shining eye]
 50832 | Slime:3  | Gained mutation: Scrolls take you a little longer to read.
                  | [a shining eye]
 50834 | Slime:3  | Gained mutation: You are dopey. (Int -2) [a shining eye]
 50838 | Slime:3  | Paralysed by a floating eye for 3 turns
 50839 | Slime:3  | Gained mutation: Your spells are easier to cast, but less
                  | powerful. [a shining eye]
 50840 | Slime:3  | Gained mutation: Scrolls take you longer to read. [a
                  | shining eye]
 50842 | Slime:3  | Lost mutation: You are extremely frail. (-30% HP) [a
                  | shining eye]
 50846 | Slime:2  | HP: 4/160 [Dissolution (17)]
 50846 | Slime:2  | Splashed by Dissolution's acid

Illustrated notes

Levels and vault maps discovered:
D:1:      scummos_arrival_checkerplants, layout_rooms, serial_curves,
          eino_curves_03, eino_curves_01, minmay_misc_feat_plants,
          hangedman_decor_points
D:2:      layout_loops_corners, marbit_many_paths,
          nicolae_overflow_hidden_temple
D:3:      layout_loops_ring, kennysheep_generic_room_16
D:4:      layout_layer_cave, overflow_temple_1_default, kiku_gazebo_pond_becter,
          kennysheep_mini, lemuel_doored_altar, grunt_decor_arrowhead, uniq_ijyb
D:5:      layout_basic, elyvilon_altar_5
D:6:      layout_loops_ring, fiery_altar_vehumet, serial_shops,
          kennysheep_mini_moat, portal_sewer_entry_d, uniq_grinder
D:7:      layout_loops_ring, slow_altar_2, fedhas_altar_fruit_tree,
          minmay_temple_entry_butterflies, serial_shops, nicolae_shop_stone,
          ebering_ghost_reflecting_pool, minmay_guarded_unrand_finisher
D:8:      minmay_recursive_quarters, layout_rooms, bloody_trog,
          nicolae_gozag_cash_rules_everything_around_me, kennysheep_little_box
D:9:      layout_rooms, david_defended_altar_elf
D:10:     layout_loops_corners
D:11:     layout_rooms, david_orc_5, uniq_maurice, uniq_harold, uniq_psyche
D:12:     layout_roguey, serial_shops, shop, nicolae_shop_stone, shop_fountains,
          nicolae_shop_statue_plus, shop, grunt_dithmenos_shadows, uniq_snorg
D:13:     layout_loops_ring
D:14:     layout_roguey, grunt_vaults_entry_tiered, basic_altar, serial_shops,
          bzr_entry_road, patterned_corridor
D:15:     hangedman_depths_entry_civil_slaughter, layout_long_grid,
          dk_noncrumbling_4
Lair:1:   layout_hall_layers, lemuel_fruit_tree, serial_bayou_shore_b,
          grunt_megastairs_2, infiniplex_staircase_pool, serial_bayou_shore_a,
          serial_bayou_shore_b, uniq_joseph
Lair:2:   layout_regular_city, elwin_shoals_entry_rocks, dummy_snake_entry
Lair:3:   layout_cave_pods
Lair:4:   layout_gridlike, uniq_rupert
Lair:5:   layout_cave_pods
Lair:6:   evil_forest, layout_hall_layers, minmay_slime_entry_pillars,
          infiniplex_staircase_pool_2
Shoals:1: layout_shoals, ebering_ghost_inner_flame
Shoals:2: layout_shoals
Shoals:3: layout_shoals
Shoals:4: shoals_end_grunt_garden, layout_shoals,
          nicolae_shoals_circle_sea_wall, ldierk_geyser
Snake:1:  gammafunk_sealed_arena, layout_grid_maze, serial_shops, shop,
          uniq_donald, uniq_aizul
Snake:2:  layout_onion, grunt_ministairs_3, uniq_azrael
Snake:3:  layout_chambers, uniq_roxanne
Snake:4:  minmay_snake_end_coiled, layout_cave_town, grunt_ministairs_2,
          drop_trap, minmay_shop_grove, uniq_vashnia, uniq_kirke, uniq_louise
Slime:1:  layout_caves
Slime:2:  layout_caves
Slime:3:  layout_caves, uniq_dissolution
Orc:1:    layout_caves
Orc:2:    grunt_orc_cross, layout_diamond_mine, basic_altar
Elf:1:    elf_arrival_001, layout_onion_city, evilmike_minifort,
          minmay_misc_feat_cross
Elf:2:    layout_rooms
Elf:3:    minmay_elf_hall_statues, layout_geoelf_diagonals,
          portal_ice_cave_entry_horrid_things, drop_trap, elves_outpost_lemuel,
          uniq_nikola
Depths:1: layout_cave_pools, enter_ziggurat_a, serial_sigils_hangedman_writhe,
          hangedman_tar_grid_catacomb, infiniplex_enter_wizlab_water,
          kennysheep_cross_room, kennysheep_windowed_goal

Skill      XL: |  1  2  3  4  5  6  7  8  9 10 11 12 13 14 15 16 17 18 19 20 |
---------------+-------------------------------------------------------------+-----
Maces & Flails | 4 5 6 7 9 10 12 14 16 | 16.5
Fighting       | 4 5 6 8 9 11 13 14 16 17 18 20 21 | 21.8
Dodging        | 3 4 6 8 9 10 11 12 13 14 | 14.9
Stealth        | 1 2 |  2.3
Armour         | 3 5 6 8 9 10 12 13 14 15 16 17 18 | 18.1
Shields        | 5 7 10 12 14 16 17 19 20 21 22 | 22.0

Action                   |  1- 3 |  4- 6 |  7- 9 | 10-12 | 13-15 | 16-18 | 19-21 || total
-------------------------+-------+-------+-------+-------+-------+-------+-------++-------
Melee: Mace              |    94 |   168 |     7 |       |       |       |       ||   269
       Headbutt          |    14 |    27 |    49 |   182 |   400 |   464 |   213 ||  1349
       Flail             |       |       |   197 |   598 |  1153 |       |       ||  1948
       Great mace        |       |       |       |    13 |       |       |       ||    13
       Long sword        |       |       |       |       |     1 |       |       ||     1
       Morningstar       |       |       |       |       |   213 |  1820 |       ||  2033
       Eveningstar       |       |       |       |       |       |    82 |   738 ||   820
Invok: Berserk           |     1 |     5 |     5 |    22 |    33 |    38 |    19 ||   123
       Trog's Hand       |       |       |     1 |     6 |     4 |     6 |     1 ||    18
       Brothers in Arms  |       |       |       |     2 |    12 |    14 |     9 ||    37
Evoke: Wand              |       |       |     1 |       |       |       |       ||     1
  Use: Scroll            |       |    11 |     8 |    11 |     7 |    15 |     8 ||    60
       Potion            |       |       |       |       |     2 |    11 |     1 ||    14
 Stab: Distracted        |     1 |       |       |       |     3 |     1 |       ||     5
       Sleeping          |     1 |     1 |       |       |       |       |       ||     2
Armor: Animal skin       |    19 |    20 |       |       |       |       |       ||    39
       Chain mail        |       |    13 |    91 |       |       |       |       ||   104
       Ring mail         |       |     6 |       |       |       |       |       ||     6
       Plate armour      |       |       |       |   194 |   392 |   560 |   192 ||  1338
Dodge: Dodged            |    63 |    91 |    84 |   122 |   324 |   454 |   139 ||  1277
Block: Tower shield      |       |       |       |   405 |  1197 |  1999 |   662 ||  4263
       Rpst.: Long sword |       |       |       |       |     1 |       |       ||     1

Table legend: (Time is in decaauts)
 A = Elapsed time spent in this place.
 B = Non-inter-level travel time spent in this place.
 C = Inter-level travel time spent in this place.
 D = Time resting spent in this place.
 E = Time spent auto-exploring this place.
 F = Levels seen in this place.
 G = Mean time per level.
                   A        B        C        D        E       F      G
               +--------+--------+--------+--------+--------+-----+--------+
         Total |  53616 |  41213 |  12403 |   8760 |  19432 |  41 | 1307.7 |
       Dungeon |  19168 |  15267 |   3901 |   1595 |  10122 |  15 | 1277.9 |
          Lair |   7312 |   5679 |   1633 |    673 |   3829 |   6 | 1218.7 |
        Shoals |   6012 |   4353 |   1659 |   1428 |   1006 |   4 | 1503.0 |
     Snake Pit |   7759 |   5976 |   1783 |   1933 |   1658 |   4 | 1939.8 |
    Slime Pits |   1749 |   1520 |    229 |    863 |    261 |   3 |  583.0 |
  Orcish Mines |   2379 |   1944 |    435 |    329 |   1121 |   2 | 1189.5 |
   Elven Halls |   8117 |   5357 |   2760 |   1668 |   1363 |   3 | 2705.7 |
        Depths |      6 |      6 |      0 |      0 |      0 |   1 |    6.0 |
        Bazaar |    246 |    246 |      0 |    129 |     70 |   1 |  246.0 |
         Sewer |    167 |    167 |      0 |      0 |      0 |   1 |  167.0 |
      Ice Cave |    696 |    696 |      0 |    138 |      0 |   1 |  696.0 |
               +--------+--------+--------+--------+--------+-----+--------+

Top non-repeatable levels by time:
   Elf:3: 3073 daAuts
 Snake:4: 2809 daAuts
   Elf:1: 2642 daAuts
   Elf:2: 2402 daAuts
Shoals:1: 2059 daAuts
    D:14: 1934 daAuts
 Snake:1: 1898 daAuts
   Orc:2: 1678 daAuts
Shoals:4: 1573 daAuts
    D:12: 1554 daAuts
 Snake:3: 1549 daAuts
    D:15: 1536 daAuts
 Snake:2: 1501 daAuts
     D:4: 1464 daAuts
     D:2: 1452 daAuts
